General information
- name: BNet
- type: Ladder team game (AT/RT)
- host: Battle.net
- saver: crashinglikeusa
map: Friends
- players: 8
- length: 60:06
- speed: Fast
- version: 1.26 W3XP
- replay type: Public
» download(328 KB)
Players
team 1 (loser)

»
chencheng (
teal | 80 APM | 3864 actions | 48:35)
9 Blademaster
3 Wind Walk
3 Critical Strike
2 Mirror Image
1 Bladestorm
» actions
| Assign group hotkey | 54 | |
| Basic commands | 16 | |
| Build / train | 125 | |
| ESC pressed | 3 | |
| Enter build submenu | 32 | |
| Enter hero's abilities submenu | 10 | |
| Give item / drop item | 1 | |
| Right click | 1797 | |
| Select / deselect | 639 | |
| Select group hotkey | 968 | |
| Use ability | 219 | |
3864 total
» units
| Peon | 24 | |
| Wind Rider | 8 | |
| Goblin Shredder | 1 | |
| Troll Batrider | 38 | |
| Raider | 4 | |
| Goblin Zeppelin | 1 | |
76 total
» upgrades
| Pillage | 1 | |
| Ranged Weapons | 3 | |
| Envenomed Spears | 1 | |
| Liquid Fire | 1 | |
| Reinforced Defenses | 1 | |
| Armor | 3 | |
| Burning Oil | 1 | |
| Ensnare | 1 | |
| Melee Weapons | 2 | |
14 total
» buildings
| Orc Burrow | 8 | |
| Altar of Storms | 2 | |
| War Mill | 3 | |
| Voodoo Lounge | 2 | |
| Watch Tower | 9 | |
| Stronghold | 2 | |
| Beastiary | 5 | |
| Fortress | 1 | |
| Great Hall | 4 | |
| Barracks | 1 | |
37 total
» build order
00:20 Orc Burrow
00:35 Altar of Storms
01:05 War Mill
01:08 Voodoo Lounge
02:22 Watch Tower
02:59 Stronghold
04:17 Watch Tower
04:23 Watch Tower
04:24 Watch Tower
04:26 Orc Burrow
05:23 Watch Tower
05:30 Beastiary
05:31 Beastiary
06:06 Watch Tower
06:10 Watch Tower
06:23 Orc Burrow
07:41 Watch Tower
07:58 Orc Burrow
08:08 Watch Tower
08:48 Fortress
10:14 Great Hall
10:31 Orc Burrow
10:57 Beastiary
11:25 War Mill
12:17 Orc Burrow
14:05 Orc Burrow
17:12 Orc Burrow
18:09 Barracks
29:48 Beastiary
31:45 Beastiary
34:37 Altar of Storms
35:12 Voodoo Lounge
37:30 Great Hall
38:33 Stronghold
40:34 War Mill
44:17 Great Hall
46:14 Great Hall
» items
| Lesser Clarity Potion | 9 | |
| Healing Salve | 5 | |
| Orb of Lightning | 2 | |
| Potion of Healing | 3 | |
| Scroll of Town Portal | 1 | |
| Potion of Mana | 1 | |
21 total
ThunderNuts (
blue | 22 APM | 1349 actions | 60:05)
9 Paladin
3 Holy Light
3 Divine Shield
1 Resurrection
2 Devotion Aura
» actions
| Assign group hotkey | 45 | |
| Basic commands | 103 | |
| Build / train | 110 | |
| ESC pressed | 2 | |
| Enter build submenu | 28 | |
| Enter hero's abilities submenu | 9 | |
| Right click | 223 | |
| Select / deselect | 296 | |
| Select group hotkey | 344 | |
| Use ability | 189 | |
1349 total
» units
| Peasant | 37 | |
| Goblin Zeppelin | 1 | |
| Knight | 27 | |
| Mortar Team | 4 | |
69 total
» upgrades
| Masonry | 2 | |
| Animal War Training | 1 | |
| Swords | 3 | |
| Plating | 3 | |
| Fragmentation Shards | 1 | |
10 total
» buildings
| Scout Tower | 60 | |
| Lumber Mill | 3 | |
| Farm | 13 | |
| Arcane Tower | 1 | |
| Altar of Kings | 3 | |
| Guard Tower | 3 | |
| Arcane Vault | 1 | |
| Keep | 2 | |
| Blacksmith | 1 | |
| Barracks | 3 | |
| Castle | 1 | |
| Town Hall | 4 | |
| Workshop | 1 | |
96 total
» build order
00:25 Scout Tower
00:38 Lumber Mill
00:51 Farm
00:55 Arcane Tower
01:07 Altar of Kings
01:21 Farm
01:58 Scout Tower
02:01 Scout Tower
02:02 Scout Tower
02:55 Guard Tower
02:59 Arcane Vault
03:15 Guard Tower
03:19 Keep
03:20 Keep
03:28 Guard Tower
03:34 Blacksmith
03:41 Farm
03:44 Farm
03:45 Farm
03:49 Farm
03:51 Farm
03:51 Farm
03:53 Farm
03:55 Farm
04:00 Farm
05:29 Barracks
05:34 Barracks
05:41 Castle
09:12 Barracks
12:28 Town Hall
19:03 Town Hall
19:49 Farm
19:50 Farm
22:56 Workshop
38:36 Town Hall
43:46 Town Hall
44:05 Altar of Kings
46:32 Altar of Kings
48:13 Scout Tower
48:15 Scout Tower
48:18 Scout Tower
48:21 Scout Tower
48:26 Scout Tower
48:28 Scout Tower
48:33 Scout Tower
48:38 Scout Tower
48:40 Scout Tower
48:51 Scout Tower
48:55 Scout Tower
48:59 Scout Tower
49:01 Scout Tower
49:06 Scout Tower
49:10 Scout Tower
49:15 Scout Tower
49:17 Scout Tower
49:20 Scout Tower
49:22 Scout Tower
49:22 Scout Tower
49:22 Scout Tower
49:23 Scout Tower
49:23 Scout Tower
49:24 Scout Tower
49:24 Scout Tower
49:24 Scout Tower
49:25 Scout Tower
49:25 Scout Tower
49:26 Scout Tower
49:26 Scout Tower
49:30 Scout Tower
49:30 Scout Tower
49:32 Scout Tower
49:32 Scout Tower
49:33 Scout Tower
49:33 Scout Tower
49:34 Scout Tower
49:34 Scout Tower
49:34 Scout Tower
49:34 Scout Tower
49:35 Scout Tower
49:35 Scout Tower
49:35 Scout Tower
49:40 Lumber Mill
49:43 Lumber Mill
» items
| Lesser Clarity Potion | 3 | |
| Scroll of Regeneration | 2 | |
| Scroll of Town Portal | 2 | |
| Potion of Mana | 7 | |
14 total
rodbetternotdc (
yellow | 61 APM | 3630 actions | 59:44)
10 Tauren Chieftain
3 War Stomp
3 Endurance Aura
1 Reincarnation
3 Shockwave
» actions
| Assign group hotkey | 43 | |
| Basic commands | 288 | |
| Build / train | 102 | |
| Enter build submenu | 32 | |
| Enter hero's abilities submenu | 10 | |
| Give item / drop item | 1 | |
| Remove unit from queue | 3 | |
| Right click | 1313 | |
| Select / deselect | 394 | |
| Select group hotkey | 1153 | |
| Use ability | 291 | |
3630 total
» units
| Peon | 22 | |
| Troll Headhunter/Berserker | 6 | |
| Goblin Shredder | 6 | |
| Wind Rider | 5 | |
| Demolisher | 4 | |
| Troll Batrider | 2 | |
| Goblin Sapper | 2 | |
| Raider | 1 | |
| Goblin Zeppelin | 3 | |
51 total
» upgrades
| Ranged Weapons | 3 | |
| Armor | 3 | |
| Troll Regeneration | 1 | |
| Reinforced Defenses | 1 | |
| Berserker Upgrade | 1 | |
| Envenomed Spears | 1 | |
| Burning Oil | 1 | |
| Liquid Fire | 1 | |
| Melee Weapons | 2 | |
14 total
» buildings
| Orc Burrow | 8 | |
| Altar of Storms | 2 | |
| Barracks | 2 | |
| War Mill | 2 | |
| Voodoo Lounge | 2 | |
| Stronghold | 4 | |
| Great Hall | 2 | |
| Fortress | 3 | |
| Watch Tower | 85 | |
| Beastiary | 5 | |
115 total
» build order
00:23 Orc Burrow
01:12 Altar of Storms
01:23 Barracks
01:31 Barracks
01:50 War Mill
02:07 Orc Burrow
02:38 Voodoo Lounge
03:20 Orc Burrow
04:26 Stronghold
04:26 Stronghold
05:05 Orc Burrow
05:38 War Mill
09:11 Great Hall
09:13 Fortress
09:19 Watch Tower
09:20 Watch Tower
09:20 Watch Tower
09:22 Watch Tower
09:24 Watch Tower
09:25 Watch Tower
09:27 Watch Tower
09:27 Watch Tower
11:31 Watch Tower
11:31 Watch Tower
11:32 Watch Tower
13:29 Stronghold
13:59 Watch Tower
13:59 Watch Tower
13:59 Watch Tower
14:01 Watch Tower
14:01 Watch Tower
14:02 Watch Tower
14:03 Watch Tower
14:04 Watch Tower
14:05 Watch Tower
14:05 Watch Tower
14:06 Watch Tower
14:06 Watch Tower
14:07 Watch Tower
14:07 Watch Tower
14:08 Watch Tower
14:09 Watch Tower
14:41 Orc Burrow
15:07 Orc Burrow
15:08 Orc Burrow
15:10 Orc Burrow
17:33 Beastiary
17:35 Beastiary
17:35 Beastiary
17:36 Beastiary
17:37 Beastiary
21:53 Voodoo Lounge
23:39 Watch Tower
23:39 Watch Tower
23:39 Watch Tower
26:51 Watch Tower
26:51 Watch Tower
26:52 Watch Tower
26:52 Watch Tower
26:55 Watch Tower
26:55 Watch Tower
26:56 Watch Tower
26:56 Watch Tower
27:07 Watch Tower
27:07 Watch Tower
27:08 Watch Tower
27:08 Watch Tower
27:34 Watch Tower
27:34 Watch Tower
27:34 Watch Tower
27:35 Watch Tower
27:36 Watch Tower
27:36 Watch Tower
27:37 Watch Tower
27:37 Watch Tower
28:47 Fortress
29:00 Watch Tower
29:01 Watch Tower
29:02 Watch Tower
29:03 Watch Tower
29:03 Watch Tower
29:09 Watch Tower
29:10 Watch Tower
29:11 Watch Tower
30:07 Great Hall
31:44 Watch Tower
31:44 Watch Tower
31:44 Watch Tower
31:45 Watch Tower
31:46 Watch Tower
31:46 Watch Tower
31:47 Watch Tower
31:48 Watch Tower
31:48 Watch Tower
31:49 Watch Tower
31:49 Watch Tower
31:50 Watch Tower
31:51 Watch Tower
31:52 Watch Tower
31:54 Watch Tower
31:55 Watch Tower
31:56 Watch Tower
31:57 Watch Tower
32:04 Watch Tower
32:06 Watch Tower
33:50 Stronghold
34:50 Altar of Storms
36:25 Fortress
37:14 Watch Tower
37:14 Watch Tower
37:15 Watch Tower
37:15 Watch Tower
37:16 Watch Tower
» items
| Healing Salve | 4 | |
| Lesser Clarity Potion | 1 | |
| Orb of Lightning | 1 | |
| Tiny Great Hall | 1 | |
| Potion of Healing | 6 | |
| Scroll of Town Portal | 1 | |
14 total
Seize (
green | 37 APM | 1274 actions | 34:03)
6 Blademaster
3 Wind Walk
2 Critical Strike
1 Bladestorm
5 Dark Ranger
2 Black Arrow
3 Silence
» actions
| Assign group hotkey | 29 | |
| Build / train | 91 | |
| Enter build submenu | 24 | |
| Enter hero's abilities submenu | 10 | |
| Right click | 443 | |
| Select / deselect | 191 | |
| Select group hotkey | 412 | |
| Use ability | 74 | |
1274 total
» units
| Peon | 22 | |
| Wind Rider | 14 | |
| Troll Witch Doctor | 4 | |
| Troll Batrider | 9 | |
| Kodo Beast | 1 | |
50 total
» upgrades
| Spiked Barricades | 3 | |
| Ranged Weapons | 3 | |
| Armor | 3 | |
| Envenomed Spears | 1 | |
| Witch Doctor Training | 2 | |
| Reinforced Defenses | 2 | |
| Liquid Fire | 2 | |
16 total
» buildings
| Altar of Storms | 1 | |
| Orc Burrow | 8 | |
| War Mill | 3 | |
| Voodoo Lounge | 1 | |
| Watch Tower | 9 | |
| Barracks | 1 | |
| Stronghold | 1 | |
| Fortress | 1 | |
| Beastiary | 2 | |
| Spirit Lodge | 2 | |
29 total
» build order
00:07 Altar of Storms
00:11 Orc Burrow
00:16 War Mill
01:35 Voodoo Lounge
03:01 Watch Tower
03:04 Watch Tower
03:36 Barracks
03:46 Watch Tower
04:08 Watch Tower
04:30 Orc Burrow
05:04 Watch Tower
05:06 Watch Tower
05:41 Stronghold
06:33 Orc Burrow
06:39 Watch Tower
08:03 Fortress
08:12 Beastiary
08:15 Beastiary
08:21 War Mill
12:57 Orc Burrow
15:24 Spirit Lodge
15:37 Spirit Lodge
15:53 Orc Burrow
22:20 Watch Tower
22:28 Watch Tower
25:31 War Mill
26:34 Orc Burrow
26:48 Orc Burrow
29:43 Orc Burrow
» items
| Healing Salve | 2 | |
| Lesser Clarity Potion | 2 | |
| Scroll of Speed | 1 | |
| Orb of Lightning | 1 | |
| Potion of Healing | 2 | |
| Potion of Mana | 2 | |
10 total
team 2 (winner)

»
Openn (
orange | 76 APM | 2915 actions | 38:25)
2 Blademaster
1 Wind Walk
1 Bladestorm
8 Mountain King
3 Storm Bolt
3 Bash
1 Avatar
1 Thunder Clap
» actions
| Assign group hotkey | 38 | |
| Basic commands | 290 | |
| Build / train | 189 | |
| ESC pressed | 3 | |
| Enter build submenu | 61 | |
| Enter hero's abilities submenu | 11 | |
| Remove unit from queue | 1 | |
| Right click | 759 | |
| Select / deselect | 648 | |
| Select group hotkey | 821 | |
| Use ability | 94 | |
2915 total
» units
| Peasant | 15 | |
| Peon | 18 | |
| Grunt | 7 | |
| Rifleman | 17 | |
| Demolisher | 3 | |
| Shaman | 28 | |
| Siege Engine | 11 | |
| Goblin Zeppelin | 1 | |
| Tauren | 13 | |
| Spirit Walker | 3 | |
| Mortar Team | 9 | |
125 total
» upgrades
| Masonry | 1 | |
| Gunpowder | 2 | |
| Armor | 5 | |
| Melee Weapons | 3 | |
| Spiked Barricades | 2 | |
| Plating | 3 | |
| Long Rifles | 1 | |
| Berserker Strength | 1 | |
| Shaman Training | 2 | |
| Barrage | 1 | |
| Pillage | 1 | |
| Reinforced Defenses | 1 | |
| Burning Oil | 1 | |
| Pulverize | 1 | |
| Spirit Walker Training | 2 | |
27 total
» buildings
| Farm | 14 | |
| Orc Burrow | 7 | |
| Altar of Kings | 1 | |
| Altar of Storms | 1 | |
| Barracks | 3 | |
| Blacksmith | 1 | |
| Voodoo Lounge | 1 | |
| Scout Tower | 7 | |
| Arcane Tower | 1 | |
| Lumber Mill | 1 | |
| War Mill | 2 | |
| Arcane Vault | 1 | |
| Guard Tower | 6 | |
| Stronghold | 1 | |
| Watch Tower | 4 | |
| Keep | 2 | |
| Spirit Lodge | 1 | |
| Fortress | 1 | |
| Castle | 1 | |
| Workshop | 2 | |
| Tauren Totem | 1 | |
| Town Hall | 3 | |
62 total
» build order
00:27 Farm
00:31 Orc Burrow
00:41 Altar of Kings
00:43 Altar of Storms
01:09 Barracks
01:15 Farm
01:18 Blacksmith
01:53 Orc Burrow
02:05 Barracks
02:17 Voodoo Lounge
02:27 Barracks
02:41 Scout Tower
02:55 Orc Burrow
03:04 Farm
03:10 Farm
03:12 Farm
03:28 Arcane Tower
03:34 Lumber Mill
04:18 War Mill
04:32 Scout Tower
04:39 Orc Burrow
05:11 Arcane Vault
05:27 Guard Tower
05:45 Farm
06:02 Stronghold
06:07 Watch Tower
06:09 Watch Tower
06:26 Keep
07:07 Scout Tower
07:20 Watch Tower
07:22 Watch Tower
07:48 Guard Tower
07:51 Farm
08:22 Farm
08:48 Spirit Lodge
09:12 Fortress
09:18 Castle
09:42 Orc Burrow
09:53 Farm
09:55 Farm
10:05 Workshop
10:08 Workshop
10:24 Orc Burrow
10:56 Farm
10:58 Farm
11:08 Orc Burrow
13:07 Tauren Totem
15:18 Farm
18:37 Scout Tower
19:29 Guard Tower
21:15 Scout Tower
22:17 Guard Tower
22:20 Scout Tower
25:10 Guard Tower
26:08 Scout Tower
26:38 Guard Tower
26:42 Farm
29:31 Town Hall
33:47 Town Hall
34:51 War Mill
35:36 Keep
36:23 Town Hall
» items
| Ankh of Reincarnation | 1 | |
| Scroll of Regeneration | 1 | |
| Scroll of Town Portal | 1 | |
| Healing Salve | 1 | |
| Orb of Lightning | 6 | |
10 total
crashinglikeusa (
red | 91 APM | 5444 actions | 60:06)
10 Blademaster
3 Wind Walk
3 Critical Strike
1 Bladestorm
3 Mirror Image
1 Pit Lord
1 Rain of Fire
» actions
| Assign group hotkey | 82 | |
| Basic commands | 111 | |
| Build / train | 194 | |
| ESC pressed | 3 | |
| Enter build submenu | 93 | |
| Enter hero's abilities submenu | 19 | |
| Give item / drop item | 4 | |
| Remove unit from queue | 2 | |
| Right click | 2427 | |
| Select / deselect | 776 | |
| Select group hotkey | 1394 | |
| Use ability | 339 | |
5444 total
» units
| Peon | 26 | |
| Grunt | 5 | |
| Goblin Zeppelin | 6 | |
| Goblin Shredder | 2 | |
| Wind Rider | 19 | |
| Troll Batrider | 29 | |
| Tauren | 5 | |
| Troll Headhunter/Berserker | 6 | |
| Peasant | 8 | |
| Acolyte | 1 | |
| Ghoul | 4 | |
| Goblin Sapper | 9 | |
120 total
» upgrades
| Spiked Barricades | 4 | |
| Armor | 3 | |
| Berserker Strength | 1 | |
| Ranged Weapons | 5 | |
| Pillage | 1 | |
| Troll Regeneration | 1 | |
| Reinforced Defenses | 1 | |
| Liquid Fire | 1 | |
| Envenomed Spears | 1 | |
| Backpack | 1 | |
| Masonry | 2 | |
| Berserker Upgrade | 1 | |
| Cannibalize | 1 | |
| Unholy Strength | 1 | |
| Unholy Armor | 1 | |
| Magic Sentry | 1 | |
| Melee Weapons | 1 | |
| Sorceress Training | 1 | |
| Priest Training | 1 | |
| Control Magic | 1 | |
30 total
» buildings
| Altar of Storms | 1 | |
| Orc Burrow | 7 | |
| Barracks | 1 | |
| Voodoo Lounge | 1 | |
| War Mill | 1 | |
| Stronghold | 1 | |
| Beastiary | 4 | |
| Fortress | 1 | |
| Watch Tower | 53 | |
| Great Hall | 2 | |
| Castle | 1 | |
| Ziggurat | 10 | |
| Necropolis | 2 | |
| Spirit Tower | 2 | |
| Halls of the Dead | 3 | |
| Lumber Mill | 1 | |
| Graveyard | 1 | |
| Arcane Sanctum | 1 | |
| Scout Tower | 10 | |
| Guard Tower | 1 | |
| Cannon Tower | 1 | |
105 total
» build order
00:03 Altar of Storms
00:08 Orc Burrow
01:02 Barracks
01:37 Orc Burrow
02:22 Voodoo Lounge
03:14 War Mill
04:31 Orc Burrow
05:05 Stronghold
06:28 Orc Burrow
08:06 Beastiary
08:13 Beastiary
10:04 Fortress
11:10 Watch Tower
11:11 Watch Tower
12:05 Watch Tower
12:08 Watch Tower
15:10 Orc Burrow
16:34 Great Hall
16:50 Watch Tower
16:51 Watch Tower
16:52 Watch Tower
17:30 Orc Burrow
17:55 Watch Tower
17:56 Watch Tower
17:58 Watch Tower
18:23 Watch Tower
18:26 Watch Tower
18:33 Watch Tower
19:02 Watch Tower
19:05 Watch Tower
19:07 Watch Tower
23:40 Beastiary
23:43 Beastiary
25:54 Orc Burrow
27:28 Watch Tower
27:29 Watch Tower
27:54 Watch Tower
27:56 Watch Tower
31:01 Watch Tower
31:03 Watch Tower
31:07 Watch Tower
35:20 Watch Tower
35:21 Watch Tower
35:22 Watch Tower
35:24 Watch Tower
35:25 Watch Tower
35:27 Watch Tower
36:28 Watch Tower
36:29 Watch Tower
36:34 Watch Tower
36:41 Watch Tower
36:42 Watch Tower
36:47 Watch Tower
36:50 Watch Tower
36:56 Watch Tower
36:57 Watch Tower
39:03 Castle
40:12 Watch Tower
40:12 Watch Tower
40:51 Watch Tower
40:55 Watch Tower
40:56 Watch Tower
43:08 Ziggurat
43:09 Ziggurat
43:10 Ziggurat
43:11 Ziggurat
43:12 Ziggurat
43:12 Ziggurat
43:17 Necropolis
44:13 Watch Tower
44:14 Watch Tower
44:17 Watch Tower
44:21 Watch Tower
44:24 Watch Tower
44:37 Spirit Tower
45:35 Halls of the Dead
45:45 Necropolis
45:47 Ziggurat
45:48 Ziggurat
45:49 Ziggurat
46:02 Lumber Mill
47:15 Spirit Tower
48:03 Halls of the Dead
48:11 Graveyard
48:22 Halls of the Dead
48:37 Great Hall
50:37 Arcane Sanctum
52:51 Scout Tower
52:52 Scout Tower
52:52 Scout Tower
52:53 Scout Tower
52:54 Scout Tower
52:56 Scout Tower
52:58 Scout Tower
52:59 Scout Tower
53:00 Scout Tower
53:01 Scout Tower
53:27 Guard Tower
53:31 Cannon Tower
59:02 Watch Tower
59:05 Watch Tower
59:08 Watch Tower
59:15 Watch Tower
59:16 Watch Tower
» items
| Healing Salve | 4 | |
| Orb of Lightning | 2 | |
| Scroll of Town Portal | 2 | |
| Lesser Clarity Potion | 2 | |
| Potion of Healing | 1 | |
11 total
mulhaminator54 (
purple | 29 APM | 1120 actions | 38:31)
9 Death Knight
3 Death Coil
3 Unholy Aura
1 Animate Dead
2 Death Pact
» actions
| Build / train | 59 | |
| Enter build submenu | 13 | |
| Enter hero's abilities submenu | 9 | |
| Right click | 706 | |
| Select / deselect | 285 | |
| Use ability | 47 | |
1120 total
» units
| Acolyte | 4 | |
| Ghoul | 3 | |
| Crypt Fiend | 5 | |
| Frost Wyrm | 22 | |
34 total
» upgrades
| Web | 1 | |
| Creature Attack | 2 | |
| Creature Carapace | 2 | |
| Freezing Breath | 1 | |
6 total
» buildings
| Ziggurat | 7 | |
| Altar of Darkness | 1 | |
| Crypt | 1 | |
| Graveyard | 1 | |
| Spirit Tower | 3 | |
| Halls of the Dead | 1 | |
| Nerubian Tower | 3 | |
| Black Citadel | 1 | |
| Sacrificial Pit | 1 | |
| Boneyard | 2 | |
21 total
» build order
00:20 Ziggurat
00:22 Altar of Darkness
00:37 Crypt
01:01 Graveyard
01:29 Ziggurat
03:20 Spirit Tower
04:32 Halls of the Dead
04:41 Ziggurat
05:35 Nerubian Tower
06:13 Ziggurat
06:53 Black Citadel
06:58 Sacrificial Pit
07:09 Spirit Tower
09:17 Boneyard
09:20 Boneyard
10:44 Ziggurat
11:56 Ziggurat
12:03 Ziggurat
17:38 Nerubian Tower
17:42 Nerubian Tower
17:50 Spirit Tower
» items
Chat log
(00:09 / All) ThunderNuts: gg
(00:13 / Allies) Openn: i gt him
(00:16 / All) crashinglikeusa: not over yet faggot
(00:20 / All) crashinglikeusa: shut the fuck up
(00:26 / All) crashinglikeusa: You are 89-82 that is awful
(00:26 / Allies) mulhaminator54: rush
(00:33 / Allies) crashinglikeusa: rushing is a horrible idea
(00:44 / Allies) mulhaminator54: ur retarted
(00:58 / Allies) crashinglikeusa: you are 163-175 please don't talk back
(01:04 / Allies) mulhaminator54: LOL
(01:08 / Allies) mulhaminator54: cool dude u look up statas
(01:11 / Allies) mulhaminator54: stats*
(01:12 / Allies) crashinglikeusa: ya
(01:39 / Allies) mulhaminator54: the usa shits on everybody else
(01:44 / Allies) crashinglikeusa: usa sucks
(01:52 / Allies) mulhaminator54: lollll
(01:56 / Allies) mulhaminator54: best country ever
(02:04 / Allies) crashinglikeusa: russians won ww2 not you clowns
(02:25 / Allies) mulhaminator54: dude idc what u have to say the USA is the best
(02:29 / Allies) crashinglikeusa: ic
(03:06 / All) rodbetternotdc: /w hot-sarah yea baby just like that
(05:49 / Allies) mulhaminator54: get towers rewd
(05:52 / Allies) mulhaminator54: red*
(06:02 / Allies) crashinglikeusa: they aren't rushing
(06:21 / Allies) crashinglikeusa: let's creep this
(06:30 / Allies) mulhaminator54: nice job oj
(11:08 / Allies) mulhaminator54: quick in n out
(11:14 / Allies) mulhaminator54: KILL AS MANY
(11:30 / Allies) mulhaminator54: OUT
(11:30 / Allies) mulhaminator54: B
(11:41 / Allies) mulhaminator54: KILL
(12:32 / Allies) crashinglikeusa: creep expos?
(13:11 / Allies) crashinglikeusa: they might have expoed in middle
(13:19 / Allies) Openn: send air check
(14:41 / Allies) mulhaminator54: ill go to red
(14:52 / Allies) mulhaminator54: burrow
(14:53 / Allies) mulhaminator54: u noob
(15:17 / Allies) crashinglikeusa: we need to creep expos
(15:25 / Allies) Openn: take md
(15:30 / Allies) Openn: put tower s there
(15:44 / Allies) crashinglikeusa: k
(15:48 / Allies) crashinglikeusa: I will take blue's old expo
(16:03 / Allies) mulhaminator54: lead with melee
(16:23 / Allies) crashinglikeusa: I'm expoing, not a great time to hit 2v4
(18:57 / Allies) mulhaminator54: be rdy
(19:01 / Allies) mulhaminator54: tp red
(20:08 / Allies) Openn: need to hit
(20:16 / All) Openn: they msut have
(20:31 / Allies) Openn: i got morea tanks now
(20:43 / All) Openn: bat
(20:50 / Allies) Openn: reapr
(20:54 / Allies) Openn: repair
(21:36 / Allies) Openn: i go bot u go top?
(21:55 / Allies) mulhaminator54: i need gold bad
(22:13 / Allies) mulhaminator54: ty
(24:53 / Allies) Openn: man
(24:58 / Allies) Openn: u did not too good top
(25:01 / Allies) mulhaminator54: cmon
(25:09 / Allies) mulhaminator54: dude we killed so much shit
(25:13 / Allies) mulhaminator54: but they had mass bats
(25:14 / Allies) Openn: good
(25:15 / Allies) crashinglikeusa: we did a lot of damage
(25:18 / Allies) mulhaminator54: there was nothing i could do
(25:37 / Allies) mulhaminator54: i do need a lil gold
(25:40 / Allies) mulhaminator54: 100
(26:22 / Allies) mulhaminator54: i need to get a tp
(26:27 / Allies) mulhaminator54: my hero hasnt came out yet
(27:02 / Allies) Openn: again
(27:53 / Allies) mulhaminator54: buying tp and coming
(30:00 / Allies) Openn: gold me
(30:08 / Allies) Openn: i need gold build main
(30:24 / Allies) Openn: gold?>
(30:27 / All) Openn: man
(30:28 / Allies) Openn: plz
(30:40 / All) rodbetternotdc: i have no idea who is winnnign
(30:44 / All) mulhaminator54: LOL
(30:51 / All) mulhaminator54: wtf is goin on tonight
(31:13 / Allies) Openn: finish them
(31:19 / Allies) Openn: red>
(31:26 / Allies) crashinglikeusa: sec
(31:28 / Allies) mulhaminator54: all meet
(31:36 / Allies) Openn: fucking give me some money
(31:43 / Allies) crashinglikeusa: take an expo
(31:49 / Allies) crashinglikeusa: or stay at 50 food
(34:15 / All) mulhaminator54: chi city bitchhhhh
(34:24 / All) rodbetternotdc: derrick rose!
(35:03 / Allies) Openn: take
(35:08 / Allies) Openn: finish
(35:13 / Allies) mulhaminator54: i cant
(35:15 / Allies) mulhaminator54: too many towers
(36:25 / Allies) mulhaminator54: coming
(36:29 / Allies) mulhaminator54: lets kill everything else first
(36:34 / Allies) mulhaminator54: thats where they want us to hit
(37:35 / Allies) mulhaminator54: rebuild
(37:36 / Allies) mulhaminator54: and hurry
(37:40 / Allies) crashinglikeusa: k
(37:42 / Allies) crashinglikeusa: i'll hurry
(37:47 / Allies) mulhaminator54: oj use gold man
(37:49 / Allies) mulhaminator54: what r u doin
(37:57 / Allies) mulhaminator54: ty
(38:07 / Allies) mulhaminator54: nice
(38:10 / Allies) mulhaminator54: just follow them
(38:11 / Allies) mulhaminator54: all day
(38:23 / Allies) Openn: ashole
(38:52 / All) crashinglikeusa: wow this stab was no challenge WTF
(38:54 / All) crashinglikeusa: they just left
(42:52 / All) ThunderNuts: fucker i trying to help you
(42:59 / All) crashinglikeusa: I 1v4ed this game
(43:02 / All) crashinglikeusa: You can leave now
(43:06 / All) rodbetternotdc: i know blue
(43:07 / All) rodbetternotdc: im sorry
(43:30 / All) crashinglikeusa: that worth all of your raiders?
(43:31 / All) crashinglikeusa: lol
(44:40 / All) rodbetternotdc: teal trying hard lawl
(44:50 / All) rodbetternotdc: reveal bot left
(44:51 / All) rodbetternotdc: rod
(44:54 / All) rodbetternotdc: i have s hit load of towres
(44:55 / All) crashinglikeusa: k sec
(45:05 / All) crashinglikeusa: reveal my base on the right if you will
(45:10 / All) crashinglikeusa: I towered purp efficiently
(45:13 / All) crashinglikeusa: and now I made him have towers
(45:23 / All) ThunderNuts: you guys aren't much better ,, tower freaks. Well Im going to sleep enjoy
(45:27 / All) rodbetternotdc: im gonna let blues pally live for now
(45:28 / All) crashinglikeusa: jesus christ you have a lot
(46:34 / All) crashinglikeusa: I got the mid expo
(46:35 / All) crashinglikeusa: revealed it
(46:51 / All) rodbetternotdc: kill those
(46:55 / All) crashinglikeusa: k
(47:23 / All) rodbetternotdc: yea blue
(47:25 / All) rodbetternotdc: ur really asleep
(48:33 / All) rodbetternotdc: did teals bm die
(48:41 / All) rodbetternotdc: yes it did
(48:41 / All) crashinglikeusa: it's at my base too lazy to micro it
(48:48 / All) crashinglikeusa: oh pink's I thought you meant
(48:49 / All) rodbetternotdc: teals bm
(48:50 / All) rodbetternotdc: moron
(49:00 / All) crashinglikeusa: yes, I corrected myself before you did, "moron"
(49:05 / All) rodbetternotdc: help me finish my base
(49:12 / All) crashinglikeusa: k
(49:16 / All) crashinglikeusa: i see all of your towers died with shade
(50:16 / All) rodbetternotdc: blue is hiding shit
(50:20 / All) rodbetternotdc: he has no wood
(50:22 / All) rodbetternotdc: he is a warrior
(51:18 / All) rodbetternotdc: rod i am baffled by one thing
(51:30 / All) crashinglikeusa: ?
(51:32 / All) rodbetternotdc: you said your favorite movie is the 2nd matrix? that movie is absolutely horrible
(51:38 / All) crashinglikeusa: no, the first
(51:47 / All) rodbetternotdc: all future movies suck tho
(51:48 / All) crashinglikeusa: I said my 2nd favourite movie is The Matrix
(51:57 / All) crashinglikeusa: I liked its story. #1 is The Treasure of the Sierra Madre
(52:11 / All) rodbetternotdc: whats that about again
(52:31 / All) crashinglikeusa: three people who go digging for gold and sell their souls to do so
(52:39 / All) crashinglikeusa: figuratively speaking
(53:36 / All) crashinglikeusa: check out this tower of blue's
(53:38 / All) crashinglikeusa: pro way to kill it
(53:44 / All) rodbetternotdc: so the movie's moral is about
(53:49 / All) rodbetternotdc: men and their weaknesses?
(54:09 / All) crashinglikeusa: basic human nature, greed and jealousy
(54:32 / All) crashinglikeusa: let the towers kill this last building to humiliate him
(54:45 / All) rodbetternotdc: bm vs tc battle
(55:40 / All) rodbetternotdc: i feel bad for blue
(55:46 / All) rodbetternotdc: i liked him
(55:48 / All) rodbetternotdc: he was helpful
(57:03 / All) rodbetternotdc: using mirror image is cheating
(58:08 / All) rodbetternotdc: cheating
(58:11 / All) rodbetternotdc: u used wyverns
(58:17 / All) crashinglikeusa: you used a zeppelin
(58:19 / All) crashinglikeusa: it's fair
(58:24 / All) rodbetternotdc: thats fair game
(58:37 / All) rodbetternotdc: environment is fair game
(58:40 / All) rodbetternotdc: wyvenrs are not
(58:47 / All) crashinglikeusa: zeppelins are goblin aircraft not the "environment"
(58:52 / All) crashinglikeusa: you were running, pussing out
(59:13 / All) rodbetternotdc: can i leave i want to watch tv
(59:17 / All) crashinglikeusa: wait 1 sec
(59:18 / All) rodbetternotdc: nothing left
(59:21 / All) crashinglikeusa: towers killing it
(59:27 / All) rodbetternotdc: why do i need to stay
(59:32 / All) crashinglikeusa: to watch it die of course
(59:33 / All) rodbetternotdc: ill be back on in 30 min
(59:37 / All) crashinglikeusa: k msn